 Dungeon Crawl Stone Soup version 0.28.0-1-gb440e238dd (webtiles) character file.

Game seed: 8116610220722310305

136 issech the Cudgeller (level 4, -2/45 HPs)
             Began as a Troll Monk on Feb 26, 2022.
             Slain by a kobold brigand (5 damage)
             ... in a sewer.
             The game lasted 00:09:29 (2379 turns).

issech the Cudgeller (Troll Monk)                   Turns: 2379, Time: 00:09:29

Health: -2/45      AC:  4    Str: 19    XL:     4   Next: 98%
Magic:  3/3        EV: 10    Int:  6    God:
Gold:   223        SH:  0    Dex: 14    Spells: 3/3 levels left

rFire   . . .      SeeInvis .   a - +0 mace
rCold   . . .      Faith    .   (no shield)
rNeg    + . .      Spirit   .   b - +0 robe
rPois   .          Reflect  .   (helmet restricted)
rElec   .          Harm     .   (no cloak)
rCorr   .          Rampage  .   (gloves unavailable)
Will    .....                   (boots unavailable)
Stlth   ++........              (no amulet)
HPRegen 0.95/turn               k - ring of flight
MPRegen 0.08/turn               p - ring of positive energy

@: lethally poisoned (-2 -> -3), flying
A: large, unfitting armour, claws 3, regeneration 1, shaggy fur 1, tough skin 1
a: no special abilities


You were in a sewer.
You visited 1 branch of the dungeon, and saw 5 of its levels.
You also visited: Sewer.

You collected 223 gold pieces.

Inventory:

Hand Weapons
 a - a +0 mace (weapon)
Missiles
 c - 73 arrows
 e - 104 sling bullets
 j - 48 stones (quivered)
 l - 3 boomerangs
 r - 19 bolts
Armour
 b - a +0 robe (worn)
Jewellery
 d - a ring of wizardry
 k - a ring of flight (left claw)
 p - a ring of positive energy (right claw)
Wands
 g - a wand of polymorph (8)
 m - a wand of digging (4)
Scrolls
 i - a scroll of enchant weapon
 o - a scroll of teleportation
 q - a scroll of noise
Potions
 h - a potion of berserk rage {unknown}
 n - a potion of curing {unknown}


   Skills:
 + Level 3.0 Fighting
 + Level 4.1 Maces & Flails
 + Level 2.9 Dodging
 + Level 1.3 Stealth


You had 3 spell levels left.
You didn't know any spells.
Your spell library was empty.

Dungeon Overview and Level Annotations

Branches:
Dungeon (5/15)              Sewer (1/1)
 Temple: D:4-7

Altars:
The Shining One

Shops:
D:1 (   D:4 =


Innate Abilities, Weirdness & Mutations

You are too large for most types of armour.
You have claws for hands.
Your natural rate of healing is unusually fast.
You are covered in fur. (AC +1)
You have tough skin. (AC +1)


Message History

You hear a splash.
You feel sick.
Throw: 49 stones
Press: ? - help, Q - select action, (/) - cycle Shift-Dir - straight line, f/p - kobold
Aim: a kobold, wielding a +0 short sword and quivering poisoned darts (severely wounded, 51% to hit)
You throw a stone.
The stone hits the kobold but does no damage.
The kobold is severely wounded.
You hear a splash.
You feel sick.
The kobold hits you with a +0 short sword.
You hit the kobold.
You kill the kobold!
You hear a splash. x2
You feel sick.
The kobold brigand throws a poisoned dart.
The poisoned dart hits you!
You are more poisoned.
You feel very sick.
The kobold brigand hits you with a +0 short sword.
Things that are here:
a +0 short sword; 2 poisoned darts; a stone You hit the kobold brigand but do no damage.
You feel very sick.
The kobold brigand splashes around in the water.
You hit the kobold brigand.
The kobold brigand is moderately wounded.
You feel sick.
The kobold brigand hits you with a +0 short sword.
* * * LOW HITPOINT WARNING * * *
You barely miss the kobold brigand.
The kobold brigand is moderately wounded.
You feel sick.
The kobold brigand hits you with a +0 short sword.
* * * LOW HITPOINT WARNING * * *
You hit the kobold brigand.
The kobold brigand is moderately wounded.
You feel sick.
The kobold brigand hits you with a +0 short sword.
You die...

#∩#
#.#
#.#
#.#
#.#
#.#
#.#
#≈#
#@#
#K#
#K#
#(#
#(#
#≈#
#(#
#≈#
#≈#


You could see a kobold brigand and a kobold.

Vanquished Creatures
  5 river rats
  3 adders
  A worm (D:3)
  3 dart slugs
  An orc (D:4)
  6 ball pythons
  3 endoplasms
  6 giant cockroaches
  4 goblins
  5 hobgoblins
  A quokka (D:3)
  3 bats
  3 frilled lizards (D:1)
  5 kobolds
  9 rats
58 creatures vanquished.

Notes
Turn   | Place    | Note
-------+----------+-------------------------------------------
     0 | D:1      | issech the Troll Monk began the quest for the Orb.
     0 | D:1      | Reached XP level 1. HP: 22/22 MP: 0/0
   310 | D:1      | Reached skill level 3 in Maces & Flails
   310 | D:1      | Reached XP level 2. HP: 29/29 MP: 1/1
   540 | D:1      | Found Dempuffyss's Weapon Boutique.
   835 | D:2      | Found a glowing golden altar of the Shining One.
  1166 | D:2      | Reached XP level 3. HP: 26/36 MP: 2/2
  1559 | D:3      | Found a faded altar of an unknown god.
  1683 | D:3      | Reached XP level 4. HP: 36/44 MP: 3/3
  1701 | D:3      | You are sucked into a shaft and drop 2 floors!
  1701 | D:5      | Entered Level 5 of the Dungeon
  1724 | D:4      | Found Wadihe's Jewellery Emporium.
  2118 | D:4      | Found a glowing drain.
  2161 | Sewer    | Entered a sewer
  2174 | Sewer    | Reached skill level 4 in Maces & Flails
  2251 | Sewer    | Noticed a kobold brigand
  2256 | Sewer    | Noticed a kobold brigand
  2379 | Sewer    | Slain by a kobold brigand

Illustrated notes

Levels and vault maps discovered:
D:1:      dpeg_arrival_boxes_within_box, layout_loops_ring, serial_shops,
          nicolae_diamond_shop, amcnicky_mini_pool_small,
          minmay_tree_intersection, minivault_5
D:2:      kennysheep_big_flooded_room, layout_loops_ring, serial_glass,
          glass_columns_a, glass_columns_c, glass_columns_a, glass_columns_c,
          glass_columns_a, basic_altar
D:3:      layout_rooms, basic_ecumenical_altar, corexii_item_surrounded_by_moat
D:4:      layout_basic, portal_sewer_entry_b, serial_shops, shop, uniq_robin,
          uniq_crazy_yiuf_cottage, uniq_menkaure
D:5:      layout_basic, grunt_temple_overflow_open,
          gammafunk_ghost_nasty_kobolds, serial_curves, eino_curves_04,
          eino_curves_03
Sewer:    sewer_kobolds

Skill      XL: |  1  2  3  4 |
---------------+-------------+-----
Maces & Flails | 3 4 |  4.1
Fighting       | 3 |  3.0
Dodging        | |  2.9
Stealth        | |  1.3

Action                   |  1- 3 |  4- 6 || total
-------------------------+-------+-------++-------
Melee: Mace              |   124 |    76 ||   200
Throw: Stone             |       |    13 ||    13
  Use: Scroll            |       |     4 ||     4
 Stab: Sleeping          |     5 |     2 ||     7
Armor: Robe              |    47 |    26 ||    73
Dodge: Dodged            |    76 |    45 ||   121
